 Dungeon Crawl Stone Soup version 0.31-a0-331-geda263fcf1 (webtiles) character file.

Game seed: 2241033494490951833

21774 LustLizard the Grappler (level 12, -14/91 HPs)
             Began as an Octopode Shapeshifter on July 19, 2023.
             Was an Elder of Hepliaklqana.
             Demolished by a skeletal warrior
             ... wielding a +0 scimitar
             ... led by a death knight
              (26 damage)
             ... on level 11 of the Dungeon.
             The game lasted 00:30:09 (13798 turns).

LustLizard the Grappler (Octopode Shapeshifter)    Turns: 13798, Time: 00:30:10

Health: -14/91     AC:  9    Str: 27    XL:     12   Next: 93%
Magic:  0/17       EV: 10    Int: 14    God:    Hepliaklqana [****..]
Gold:   909        SH:  0    Dex: 12    Spells: 10/18 levels left

rFire   + .          .
                       - Unarmed
rCold   . . .        (shield currently unavailable)
rNeg    . . .        (helmet currently unavailable)
rPois   +            d - amulet of guardian spirit
rElec   +            w - ring of wizardry
rCorr   .            y - +4 ring of slaying
SInv    .            H - ring of willpower
Will    +....        F - +6 ring of strength
Stlth   ++           M - ring of Nylesemi {rElec rPois rF+}
HPRegen 0.35/turn    (no ring)
MPRegen 0.15/turn    (no ring)
                     (no ring)

%: guardian spirit, wizardry (x1)
@: snake-form, spiked, studying 2 skills
A: constrict, boosted hp, reduced essence, almost no armour, amphibious, 8
rings, large, (camouflage 1), (gelatinous body 1), (nimble swimmer 1),
(tentacles)
a: Begin Untransformation, Renounce Religion, Recall Ancestor, Ancestor
Identity, Transference, Idealise


You were on level 11 of the Dungeon.
You worshipped Hepliaklqana.
Hepliaklqana was greatly pleased with you.
You were an enormous anaconda.
You visited 2 branches of the dungeon, and saw 13 of its levels.

You collected 931 gold pieces.
You spent 22 gold pieces at shops.

Inventory:

Hand Weapons
 L - the +8 lance "Wyrmbane" {slay drac, rPois rF+ rC+ AC+3}
   (You found it on level 9 of the Dungeon)

   AC:        It affects your AC (+3).
   rF:        It protects you from fire.
   rC:        It protects you from cold.
   rPois:     It protects you from poison.
Missiles
 j - 5 atropa-tipped darts
 p - 2 throwing nets
Armour
 A - a +0 buckler
Jewellery
 d - an amulet of guardian spirit (around neck)
 w - a ring of wizardry (left tentacle)
 y - a +4 ring of slaying (right tentacle)
 F - a +6 ring of strength (on tentacle)
 H - a ring of willpower (on tentacle)
 M - the ring of Nylesemi (on tentacle) {rElec rPois rF+}
   (You acquired it on level 11 of the Dungeon)

   [ring of poison resistance]

   rF:        It protects you from fire.
   rElec:     It insulates you from electricity.
   rPois:     It protects you from poison.
Talismans
 b - a beast talisman
 B - a serpent talisman
 K - a maw talisman
Wands
 s - a wand of digging (2)
 v - a wand of acid (11)
 E - a wand of charming (14)
 G - a wand of iceblast (6)
Scrolls
 f - 2 scrolls of poison {unknown}
 i - a scroll of silence {unknown}
 n - 3 scrolls of teleportation {unknown}
 o - a scroll of torment
 q - a scroll of blinking {unknown}
 r - 3 scrolls of enchant weapon {unknown}
 t - a scroll of immolation {unknown}
 u - 2 scrolls of fear {unknown}
 x - 4 scrolls of fog
 z - a scroll of enchant armour {unknown}
 C - 2 scrolls of noise {unknown}
 J - a scroll of amnesia {unknown}
 N - a scroll of vulnerability
 O - a scroll of revelation
Potions
 a - 4 potions of lignification
 c - 4 potions of enlightenment
 e - 2 potions of resistance
 g - 4 potions of might
 h - 6 potions of curing
 k - 2 potions of berserk rage
 l - 2 potions of haste
 m - 4 potions of heal wounds
 D - a potion of invisibility {unknown}
 I - a potion of magic {unknown}


   Skills:
 + Level 10.1 Fighting
 - Level 2.0 Dodging
 - Level 4.1 Stealth
 * Level 13.9 Unarmed Combat
 - Level 3.7 Spellcasting
 - Level 8.1 Poison Magic
 + Level 8.8 Shapeshifting


You had 10 spell levels left.
You knew the following spells:

 Your Spells              Type           Power      Damage    Failure   Level
a - Poisonous Vapours     Pois/Air       28%        N/A       2%          2
b - Ignite Poison         Fire/Tmut/Pois 10%        N/A       9%          3
c - Mephitic Cloud        Conj/Pois/Air  10%        N/A       9%          3

Your spell library contained the following spells:

 Spells                   Type           Power      Damage    Failure   Level
 Cigotuvi's Dreadful Rot  Necr/Pois/Air  20%        N/A       4%          2
 Summon Guardian Golem    Hex/Summ       2%         N/A       24%         3
 Freezing Cloud           Conj/Ice/Air   1%         6-21      89%         5
 Orb of Destruction       Conj           1%         9d5       100%        7
 Spellforged Servitor     Conj/Summ      1%         N/A       100%        7


Dungeon Overview and Level Annotations

Branches:
Dungeon (12/15)            Temple (1/1) D:5            Lair (0/5) D:11
    Orc (0/2) D:9

Altars:
Ashenzari
Cheibriados
Dithmenos
Elyvilon
Fedhas
Gozag
Hepliaklqana
Kikubaaqudgha
Makhleb
Nemelex Xobeh
Okawaru
Qazlal
Ru
Sif Muna
Trog
Uskayaw
Vehumet
Wu Jian
Xom
Yredelemnul
Zin
The Shining One

Shops:
D:11 *

Annotations:
D:10 1 runed translucent door, hotbaconsauce's ghost, journeyman MiBe
D:12 Nergalle


Innate Abilities, Weirdness & Mutations

You are an enormous anaconda.
You have a powerful constriction melee attack.
Your maximum health is increased.
Your armour is entirely melded.
You are incapable of wielding weapons or throwing items.
Your life essence is reduced to manifest your ancestor. (-10% HP)
You cannot wear most types of armour.
You are amphibious.
You can wear up to eight rings at the same time.
((Your skin changes colour to match your surroundings (Stealth+).))
((Your rubbery body absorbs attacks. (AC +1, EV +1)))
((You are camouflaged when in or above water. (Stealth+)))
((You have tentacles for arms and can constrict up to eight enemies at once.))


Message History

The manticore flicks its tail.
The volley of spikes hits you.
The barbed spikes become lodged in your body.
Servius points at the freezing wraith and mumbles some strange words.
The stone arrow hits the freezing wraith!
You crush the freezing wraith!!!
You destroy the freezing wraith!
The manticore flicks its tail.
The volley of spikes hits you!
The barbed spikes become lodged in your body.
Unknown command.
The barbs in your skin will harm you if you move.
Continue?
You feel yourself speed up.
The skeletal warrior hits you with a +0 scimitar!!
The skeletal warrior hits you with a +0 scimitar.
The barbed spikes dig painfully into your body as you move.
* * * LOW HITPOINT WARNING * * *
You climb upwards.
There is a stone staircase leading down here.
You body-slam the skeletal warrior!!
You grab the skeletal warrior.
The skeletal warrior is moderately damaged.
You constrict the skeletal warrior, but do no damage.
Servius hits the skeletal warrior with a +0 quarterstaff!
You lash the skeletal warrior!
The skeletal warrior is heavily damaged.
You constrict the skeletal warrior. The skeletal warrior misses you.
Servius casts a spell at the skeletal warrior.
The puff of frost hits the skeletal warrior but does no damage.
You hit the skeletal warrior but do no damage.
The skeletal warrior is severely damaged.
You constrict the skeletal warrior, but do no damage.
The skeletal warrior hits you with a +0 scimitar!!
* * * LOW HITPOINT WARNING * * *
Servius hits the skeletal warrior with a +0 quarterstaff!
Unknown command.
You hit the skeletal warrior but do no damage.
The skeletal warrior is almost destroyed.
You constrict the skeletal warrior.
The skeletal warrior hits you with a +0 scimitar!!
You die...

..# #....##'##...##.<#....#..#.
..#####....#...#...##..#....#..#.
..'...'....#...#...##'##....#..#.
..##..#.(..#'###...(..^#....####.
..#####....#..##......[#.......#.
..##..#..).#...'...####..........
..'...'....'..##...##............
..#...#....#####Rz.##............
..##'##........#S..#.............
#'#............#...#..)..........
..#..(.........#...#........8....
..#............#...#.............
..#............##'###............
..#.......[.........##+..........
..รท....########..................
.......#......+..............[...
..............#..................


You could see the friendly Servius the battlemage and a skeletal warrior (ally
target).

Vanquished Creatures
  Snorg (D:10)
  A boulder beetle (D:9)
  2 two-headed ogres
  Erica (D:8)
  An ugly thing (D:12)
  2 cyclopes
  2 manticores (D:9)
  Maurice (D:8)
  An orange demon (D:8)
  Maggie (D:9)
  A komodo dragon (D:11)
  A freezing wraith (D:12)
  2 trolls (D:11)
  2 hornets (D:9)
  2 shadows
  2 slime creatures (D:12)
  A wyvern (D:9)
  2 wraiths
  2 hogs (D:12)
  11 yaks
  A steam dragon (D:6)
  5 vampire mosquitoes
  An acid dragon (D:9)
  Edmund (D:6)
  A water moccasin (D:11)
  5 orc warriors
  4 ogres
  2 black bears
  7 centaurs
  6 kobold brigands
  3 bullfrogs
  Blork the orc (D:6)
  5 scorpions
  A gnoll sergeant (D:11)
  9 wights
  12 killer bees
  4 howler monkeys
  4 jellies
  5 orc priests
  3 hounds
  A gnoll bouda (D:6)
  A sleepcap (D:7)
  Jessica (D:3)
  3 iguanas
  6 orc wizards
  14 gnolls
  6 adders
  A shadow imp (D:8)
  A white imp (D:7)
  An ufetubus (D:5)
  3 dart slugs
  24 orcs
  3 ball pythons
  5 endoplasms
  A giant cockroach (D:4)
  3 goblins
  7 hobgoblins
  3 jackals (D:3)
  13 kobolds
  A quokka (D:3)
  3 bats
  4 frilled lizards
  6 rats
230 creatures vanquished.

Vanquished Creatures (collateral kills)
  Kirke (D:12)
  Amaemon (D:8)
  An unseen horror (D:11)
  An efreet (D:9)
  A troll (D:12)
  A shadow (D:11)
  3 slime creatures (D:12)
  2 wraiths
  9 yaks
  2 steam dragons
  4 vampire mosquitoes
  2 water moccasins (D:11)
  2 orc warriors
  A black bear (D:11)
  2 wights (D:8)
  3 killer bees (D:9)
  A hound (D:7)
  2 orc priests
  2 gnoll boudas (D:9)
  An orc wizard (D:7)
  2 gnolls (D:11)
  A white imp (D:7)
  19 orcs
  10 kobolds
74 creatures vanquished.

Vanquished Creatures (others)
  2 humans (D:12)
  14 battlemagi
  2 ancestors (D:6)
18 creatures vanquished.

Grand Total: 322 creatures vanquished

Notes
Turn   | Place    | Note
-------+----------+-------------------------------------------
     0 | D:1      | LustLizard the Octopode Shapeshifter began the quest for
                  | the Orb.
     0 | D:1      | Reached XP level 1. HP: 14/14 MP: 1/1
   190 | D:1      | Reached XP level 2. HP: 15/19 MP: 2/2
   368 | D:1      | Reached skill level 1 in Stealth
   737 | D:2      | Reached XP level 3. HP: 14/24 MP: 2/4
   904 | D:2      | Learned a level 2 spell: Poisonous Vapours
  1042 | D:2      | You fall into a shaft and drop 2 floors!
  1176 | D:3      | Noticed Jessica
  1428 | D:2      | Found a faded altar of an unknown god.
  1568 | D:2      | Reached skill level 1 in Spellcasting
  1568 | D:2      | Reached XP level 4. HP: 17/30 MP: 2/5
  1612 | D:2      | Reached skill level 3 in Unarmed Combat
  1697 | D:3      | Reached skill level 1 in Poison Magic
  1859 | D:3      | Killed Jessica
  1860 | D:3      | Reached XP level 5. HP: 27/35 MP: 3/6
  2004 | D:3      | Found a stormy altar of Qazlal.
  2347 | D:4      | Reached XP level 6. HP: 40/42 MP: 8/8
  2601 | D:4      | Reached skill level 4 in Unarmed Combat
  2793 | D:5      | Entered Level 5 of the Dungeon
  2957 | D:5      | Reached XP level 7. HP: 41/46 MP: 8/10
  2968 | D:5      | Found a glowing golden altar of the Shining One.
  3029 | D:5      | Found a staircase to the Ecumenical Temple.
  3040 | Temple   | Entered the Ecumenical Temple
  3061 | Temple   | Became a worshipper of Hepliaklqana the Forgotten
  3238 | D:5      | Found a white marble altar of Elyvilon.
  3387 | D:5      | Reached skill level 5 in Unarmed Combat
  3503 | D:5      | Reached XP level 8. HP: 54/54 MP: 5/12
  3703 | D:5      | Found a broken altar of Ashenzari.
  4198 | D:6      | Noticed Edmund
  4209 | D:6      | Killed Edmund
  4566 | D:6      | Learned a level 3 spell: Ignite Poison
  4617 | D:6      | Reached skill level 6 in Unarmed Combat
  4834 | D:6      | Noticed Blork the orc
  4857 | D:6      | Reached XP level 9. HP: 24/60 MP: 1/14
  5038 | D:6      | Killed Blork the orc
  5162 | D:6      | Reached skill level 5 in Fighting
  5162 | D:6      | Reached skill level 5 in Poison Magic
  5269 | D:6      | Reached * piety under Hepliaklqana
  5289 | D:6      | Reached skill level 7 in Unarmed Combat
  5581 | D:6      | Reached skill level 5 in Shapeshifting
  5940 | D:7      | Reached skill level 8 in Unarmed Combat
  6488 | D:7      | Reached XP level 10. HP: 61/61 MP: 15/15
  6507 | D:7      | Found a radiant altar of Vehumet.
  7310 | D:8      | Reached ** piety under Hepliaklqana
  7312 | D:8      | Remembered your ancestor Servius as a battlemage
  7369 | D:8      | Noticed Maurice
  7376 | D:8      | Killed Maurice
  7483 | D:8      | Reached skill level 9 in Unarmed Combat
  7770 | D:8      | Noticed a two-headed ogre
  7779 | D:8      | Killed a two-headed ogre
  7949 | D:8      | Noticed Amaemon
  7972 | D:8      | Noticed an orange demon
  7989 | D:8      | Killed Amaemon
  7994 | D:8      | Killed an orange demon
  7995 | D:8      | Reached skill level 10 in Unarmed Combat
  8211 | D:8      | Noticed Erica
  8218 | D:8      | Killed Erica
  8219 | D:8      | Reached XP level 11. HP: 57/67 MP: 7/16
  8284 | D:8      | Learned a level 3 spell: Mephitic Cloud
  8418 | D:8      | Found a burning altar of Makhleb.
  8647 | D:9      | Found a staircase to the Orcish Mines.
  9211 | D:9      | Noticed a manticore
  9232 | D:9      | Killed a manticore
  9487 | D:9      | Identified the +4 arbalest "Zeikoel" {heavy, rPois rC+}
  9487 | D:9      | Identified the +4 flail "Tyfesic" {freeze, *Rage Int+3
                  | Dex+3 Stlth+}
  9490 | D:9      | Reached skill level 11 in Unarmed Combat
  9581 | D:9      | Identified the +0 robe of Xom, Gazing {rC+ Regen+}
  9810 | D:9      | Found the +8 lance "Wyrmbane" {slay drac, rPois rF+ rC+
                  | AC+3}
  9844 | D:9      | Noticed a manticore
  9851 | D:9      | Killed a manticore
 10058 | D:9      | Noticed a boulder beetle
 10070 | D:9      | Killed a boulder beetle
 10162 | D:9      | Noticed Maggie
 10169 | D:9      | Killed Maggie
 10679 | D:10     | Entered Level 10 of the Dungeon
 10778 | D:10     | Noticed Snorg
 10790 | D:10     | Killed Snorg
 10791 | D:10     | Reached skill level 12 in Unarmed Combat
 11008 | D:10     | Noticed a two-headed ogre
 11029 | D:10     | Killed a two-headed ogre
 11030 | D:10     | Reached XP level 12. HP: 75/75 MP: 4/17
 11137 | D:10     | Reached *** piety under Hepliaklqana
 11478 | D:10     | Found a shimmering blue altar of Sif Muna.
 11692 | D:10     | Found a runed translucent door.
 11692 | D:10     | Noticed hotbaconsauce's ghost (journeyman MiBe)
 11692 | D:10     | Found the +5 robe of Night {Dark Will+ SInv}
 11757 | D:10     | Found a bloodstained altar of Trog.
 12278 | D:11     | Identified a scroll of acquirement
 12279 | D:11     | Acquired the ring of Nylesemi {rElec rPois rF+}
 12628 | D:11     | Reached **** piety under Hepliaklqana
 12836 | D:11     | Found a staircase to the Lair.
 12838 | D:11     | Reached skill level 13 in Unarmed Combat
 13030 | D:11     | Found Afaycuss's General Store.
 13039 | D:11     | Bought a scroll of identify for 22 gold pieces
 13180 | D:11     | Found an opulent altar of Gozag.
 13288 | D:12     | Noticed Kirke
 13361 | D:12     | Killed Kirke
 13364 | D:12     | Noticed Nergalle
 13364 | D:12     | Noticed a death knight
 13592 | D:12     | Reached skill level 10 in Fighting
 13798 | D:11     | Demolished by a skeletal warrior

Illustrated notes

Levels and vault maps discovered:
D:1:      shiori_arrival_elements, layout_loops_ring
D:2:      wander_river, layout_rooms, shapermc_ecumenical_altar_petra
D:3:      layout_basic, grunt_qazlal_clouds, uniq_jessica
D:4:      layout_rooms
D:5:      layout_basic, elyvilon_altar_3, tso_metal_star,
          evilmike_ruin_ashenzari, minmay_temple_entry_glassed_door
D:6:      layout_loops_ring, grunt_ministairs_4, uniq_edmund, uniq_blork_the_orc
D:7:      layout_basic, nicolae_vehumet_altar_sigil
D:8:      layout_basic, mainiacjoe_overflow_chevrons, grunt_decor_arrowhead,
          uniq_maurice, uniq_amaemon, uniq_erica
D:9:      minmay_the_grid_net [minmay_the_grid_tree, minmay_the_grid_tiny_cups,
          minmay_the_grid_dragon_b, minmay_the_grid_doors,
          minmay_the_grid_minigrid_large, minmay_the_grid_prize_diamond_cup],
          layout_basic, david_orc_2, uniq_maggie
D:10:     layout_irregular_city, lemuel_coloured_pillars_altar,
          amcnicky_altar_gilded, gammafunk_ghost_grave, uniq_snorg
D:11:     layout_gridville, due_lair_maze_entry_diamond, serial_shops,
          nicolae_lakefront_shop, minivault_16, nicolae_gozag_seed_capital
D:12:     layout_cave_pools, nicolae_sextant, nicolae_shop_vocational,
          uniq_nergalle, uniq_kirke
Temple:   nicolae_temple_superstar

Skill      XL: |  1  2  3  4  5  6  7  8  9 10 11 12 |
---------------+-------------------------------------+-----
Stealth        | 1 2 3 4 |  4.1
Spellcasting   | 1 2 3 |  3.7
Unarmed Combat | 3 4 5 6 8 10 12 13 | 13.9
Poison Magic   | 1 2 3 4 6 8 |  8.1
Fighting       | 3 4 6 7 8 10 | 10.1
Shapeshifting  | 4 5 6 7 8 |  8.8
Dodging        | |  2.0

Action                     |  1- 3 |  4- 6 |  7- 9 | 10-12 || total
---------------------------+-------+-------+-------+-------++-------
  Melee: Unarmed           |    89 |    55 |   112 |   207 ||   463
         Constrict         |    16 |    15 |    21 |    47 ||    99
         Tentacles         |    13 |     9 |    31 |    38 ||    91
         Punch             |       |     2 |     3 |    15 ||    20
   Cast: Poisonous Vapours |       |     7 |    75 |   127 ||   209
         Ignite Poison     |       |       |     3 |    13 ||    16
 Invoke: Ancestor Life: Ba |       |       |       |     1 ||     1
         Recall Ancestor   |       |       |       |     2 ||     2
  Evoke: Wand              |       |       |       |     4 ||     4
    Use: Scroll            |       |     7 |     1 |     7 ||    15
         Potion            |       |       |       |     4 ||     4
   Stab: Sleeping          |     5 |     1 |     1 |     3 ||    10
 Armour: Skin              |     8 |     4 |     3 |    21 ||    36
  Dodge: Dodged            |    40 |    28 |    78 |   113 ||   259
   Form: Anaconda          |       |       |       |     1 ||     1

Table legend: (Time is in decaauts)
 A = Elapsed time spent in this place.
 B = Non-inter-level travel time spent in this place.
 C = Inter-level travel time spent in this place.
 D = Time resting spent in this place.
 E = Time spent auto-exploring this place.
 F = Levels seen in this place.
 G = Mean time per level.
                   A        B        C        D        E       F      G
               +--------+--------+--------+--------+--------+-----+--------+
         Total |  13749 |  13176 |    573 |   1422 |   9433 |  13 | 1057.6 |
       Dungeon |  13715 |  13174 |    541 |   1422 |   9433 |  12 | 1142.9 |
        Temple |     34 |      2 |     32 |      0 |      0 |   1 |   34.0 |
               +--------+--------+--------+--------+--------+-----+--------+

Top non-repeatable levels by time:
     D:9: 1993 daAuts
     D:6: 1738 daAuts
    D:10: 1483 daAuts
     D:8: 1461 daAuts
    D:11: 1417 daAuts
     D:5: 1289 daAuts
     D:7: 1278 daAuts
     D:2: 738 daAuts
     D:1: 724 daAuts
     D:4: 716 daAuts
     D:3: 664 daAuts
    D:12: 209 daAuts
  Temple: 34 daAuts
